 Dungeon Crawl Stone Soup version 0.29.1-1-gd02db6906a (webtiles) character file.

Game seed: 14808001732215730870

789 Leon the Poker (level 8, -5/61 HPs)
             Began as a Formicid Warper on Sept 26, 2022.
             Slain by Prince Ribbit (18 damage)
             ... on level 7 of the Dungeon.
             The game lasted 00:08:42 (4213 turns).

Leon the Poker (Formicid Warper)                    Turns: 4213, Time: 00:08:42

Health: -5/61      AC:  5    Str: 15 (17) XL:     8   Next: 12%
Magic:  11/11      EV: 10    Int: 17 (20) God:
Gold:   228        SH: 10    Dex: 17 (19) Spells: 11/11 levels left

rFire   . . .      SeeInvis +   g - +2 spear (flame)
rCold   . . .      Faith    .   s - +0 kite shield
rNeg    . . .      Spirit   .   j - +0 ring mail
rPois   .          Reflect  .   (helmet unavailable)
rElec   .          Harm     .   (no cloak)
rCorr   .          Rampage  .   (no gloves)
Will    .....                   (no boots)
Stlth   +.........              (no amulet)
HPRegen 0.20/turn               q - +6 ring of dexterity
MPRegen 0.12/turn               i - +6 ring of intelligence

@: mighty, brilliant
A: permanent stasis, dig shafts and tunnels, antennae 3, four strong arms
a: Dig, Shaft Self


You were on level 7 of the Dungeon.
You visited 1 branch of the dungeon, and saw 5 of its levels.

You collected 228 gold pieces.

Inventory:

Hand Weapons
 g - a +2 spear of flaming (weapon)
   (You found it on level 1 of the Dungeon)
 m - a +2 dagger of venom
   (You found it on level 2 of the Dungeon)
Missiles
 c - 4 boomerangs of dispersal (quivered)
 r - 5 poisoned darts
Armour
 a - a +1 scale mail of cold resistance
   (You took it off Duvessa on level 7 of the Dungeon)
 b - a +0 leather armour
 j - a +0 ring mail (worn)
   (You found it on level 1 of the Dungeon)
 s - a +0 kite shield (worn)
   (You found it on level 3 of the Dungeon)
Magical Staves
 n - a staff of poison
   (You found it on level 2 of the Dungeon)
Jewellery
 i - a +6 ring of intelligence (right hand)
   (You found it on level 1 of the Dungeon)
 q - a +6 ring of dexterity (left hand)
   (You found it on level 2 of the Dungeon)
 t - a ring of protection from fire
   (You found it on level 3 of the Dungeon)
Wands
 y - a wand of roots (12)
   (You found it on level 7 of the Dungeon)
Scrolls
 l - 2 scrolls of teleportation {unknown}
 u - a scroll of butterflies {unknown}
 v - 2 scrolls of identify {unknown}
 w - 2 scrolls of blinking {unknown}
 x - 2 scrolls of enchant armour {unknown}
Potions
 d - a potion of ambrosia {unknown}
 e - a potion of brilliance
 f - 2 potions of heal wounds
 h - a potion of curing {unknown}
 k - a potion of berserk rage {unknown}
 o - a potion of might


   Skills:
 + Level 4.7 Fighting
 + Level 5.5 Polearms
 - Level 1.0 Throwing
 + Level 4.2 Armour
 - Level 1.7 Dodging
 + Level 4.6 Shields
 - Level 2.1 Spellcasting
 - Level 2.6 Translocations


You had 11 spell levels left.
You didn't know any spells.
Your spell library contained the following spells:

 Spells                   Type           Power      Damage    Failure   Level
 Gell's Gravitas          Tloc           16%        N/A       63%         3
 Lesser Beckoning         Tloc           16%        N/A       63%         3
 Teleport Other           Tloc           16%        N/A       63%         3
 Ensorcelled Hibernation  Hex/Ice        4%         N/A       77%         2
 Spider Form              Tmut/Pois      2%         N/A       94%         3
 Anguish                  Hex/Necr       1%         N/A       100%        4
 Manifold Assault         Tloc           16%        N/A       100%        5
 Blink                    Tloc           Unusable   N/A       N/A         2

Dungeon Overview and Level Annotations

Branches:
Dungeon (4/15)
 Temple: D:4-7

Altars:
Dithmenos
Gozag

Shops:
D:2 [

Annotations:
D:7 Prince Ribbit


Innate Abilities, Weirdness & Mutations

You cannot be hasted, slowed, berserked, paralysed or teleported.
You can dig through walls and to a lower floor.
You have a pair of large antennae on your head. (SInv)
Your four strong arms can wield two-handed weapons with a shield.


Message History

An adder comes into view.
The adder hisses angrily.
Found 8 gold pieces.
You miss the adder. The adder barely misses you.
You hit the adder. You burn the adder.
The adder is moderately wounded.
The adder barely misses you.
You puncture the adder! You burn the adder.
You kill the adder!
Your Polearms skill increases to level 4!
No target in view!
No target in view!
You see here an adder corpse.
Found 7 stones.
You now have 70 gold pieces (gained 8).
You see here 7 stones.
You see here the +4 robe of Ujer Wurch {MP+9 Int+3 SInv}.
Found a stone staircase leading down.
There is a stone staircase leading down here.
You see here a +0 leather armour.
Key pressed, stopping explore.
You see here a +0 dagger.
Found a stone staircase leading up.
There is a stone staircase leading up here.
Done exploring.
Done exploring.
Done exploring.
Done exploring.
Done exploring.
(D) Dungeon
Where to? (Enter - D:2, ? - help)
There is a stone staircase leading up here.
There is a stone staircase leading down here.
You climb downwards.
There is a stone staircase leading up here.
Unknown command.
Found a dagger.
Found a ring mail.
You see here a +0 dagger.
You sense a monster nearby.
You sense a monster nearby.
Found a stone staircase leading down.
Found an escape hatch in the floor.
You now have 80 gold pieces (gained 10).
You now have 86 gold pieces (gained 6).
You sense a monster nearby.
A goblin comes into view. It is wielding a +0 club.
The goblin shouts!
A goblin is nearby!
You hit the goblin. You burn the goblin.
You kill the goblin!
No target in view!
No target in view!
You sense a monster nearby.
You see here a +0 club.
Found a kite shield.
You see here a +0 kite shield.
You sense a monster nearby.
An adder comes into view.
You reach to attack!
The adder hisses angrily.
You hit the adder. You burn the adder.
The adder is moderately wounded.
You hit the adder. You burn the adder.
The adder is severely wounded.
The adder bites you.
You hit the adder. You burn the adder.
You kill the adder!
No target in view!
You see here a +0 kite shield.
s - a +0 kite shield HP restored.
f - 3 coppery potions (gained 1)
Found a stone staircase leading down.
Found a trident.
You now have 94 gold pieces (gained 8).
An adder comes into view.
The adder hisses angrily.
A frilled lizard comes into view. x2
You closely miss the adder.
The frilled lizard hisses angrily. x2
The adder bites you but does no damage.
You hit the adder. You burn the adder.
The adder is heavily wounded.
The adder bites you but does no damage. The frilled lizard bites you.
You closely miss the adder.
The adder is heavily wounded.
The adder bites you. The frilled lizard closely misses you.
You barely miss the adder.
The adder is heavily wounded.
The adder bites you.
The frilled lizard bites you but does no damage. x2
The adder misses you.
You closely miss the adder.
The adder is heavily wounded.
The adder misses you. The frilled lizard barely misses you.
The frilled lizard bites you but does no damage.
You hit the adder. You burn the adder.
You kill the adder!
The frilled lizard bites you. The frilled lizard closely misses you.
You hit the frilled lizard. You burn the frilled lizard.
You kill the frilled lizard!
You barely miss the frilled lizard.
The frilled lizard bites you but does no damage.
You miss the frilled lizard. The frilled lizard bites you.
You closely miss the frilled lizard. The frilled lizard misses you.
You closely miss the frilled lizard.
The frilled lizard bites you but does no damage.
You closely miss the frilled lizard. The frilled lizard barely misses you.
You hit the frilled lizard. You burn the frilled lizard.
You kill the frilled lizard!
No target in view!
No target in view!
Things that are here:
a +0 trident; a frilled lizard corpse Unknown command.
Unknown command.
t - a +0 trident You drop a +0 spear.
You drop a +0 trident.
A rat comes into view.
A rat is nearby!
A rat is nearby!
Found a stone staircase leading up.
You reach to attack!
You closely miss the rat. You hit the rat. You burn the rat.
You kill the rat!
No target in view!
No target in view!
A hobgoblin comes into view.
The hobgoblin shouts!
A hobgoblin is nearby!
A hobgoblin is nearby!
An orc comes into view. It is wielding a +0 club.
The orc shouts!
There is a stone staircase leading up here.
You reach to attack!
You hit the hobgoblin. You burn the hobgoblin.
The hobgoblin is moderately wounded.
You hit the hobgoblin. You burn the hobgoblin.
You kill the hobgoblin!
You hit the orc. You burn the orc.
You kill the orc!
No target in view!
No target in view!
You see here a +0 club.
Found an escape hatch in the ceiling.
a - a metallic emerald potion
There is an escape hatch in the ceiling here.
You sense a monster nearby.
A hobgoblin comes into view.
The hobgoblin shouts!
An endoplasm comes into view.
There are monsters nearby!
There are monsters nearby!
You barely miss the hobgoblin.
The hobgoblin hits you but does no damage.
You closely miss the hobgoblin. The hobgoblin hits you.
You barely miss the hobgoblin. The hobgoblin hits you.
You hit the hobgoblin. You burn the hobgoblin.
The hobgoblin is severely wounded.
The hobgoblin hits you but does no damage.
You hit the hobgoblin. You burn the hobgoblin.
You kill the hobgoblin!
You reach to attack!
You hit the endoplasm. You burn the endoplasm.
The endoplasm is severely wounded.
You hit the endoplasm but do no damage.
The endoplasm is severely wounded.
The endoplasm freezes you.
You are frozen.
You hit the endoplasm. You burn the endoplasm.
You kill the endoplasm!
No target in view!
You sense a monster nearby.
A bat comes into view.
Found 12 gold pieces.
A bat is nearby!
The bat hits you.
You reach to attack!
You hit the bat. You burn the bat.
The bat is severely wounded.
The bat hits you.
You closely miss the bat.
The bat is severely wounded.
The bat closely misses you.
You reach to attack!
You barely miss the bat.
The bat is severely wounded.
The bat hits you but does no damage. The bat closely misses you.
You hit the bat. You burn the bat.
You kill the bat!
You now have 106 gold pieces (gained 12).
t - a ring of protection from fire You see here an adder skeleton.
You see here a frilled lizard skeleton.
There is a stone staircase leading down here.
u - a scroll labelled GICAABR FIUHU
v - a scroll labelled IFILAPHOGEY You sense a monster nearby.
No target in view!
No target in view!
A hobgoblin comes into view.
The hobgoblin shouts!
You reach to attack!
You hit the hobgoblin but do no damage. You hit the hobgoblin.
You burn the hobgoblin.
You kill the hobgoblin!
No target in view!
No target in view!
Found a stone staircase leading up.
w - a scroll labelled JAUDOKHADD
x - a scroll labelled LOTRYIC XOFYH
There is a stone staircase leading up here.
You sense a monster nearby.
No target in view!
A kobold comes into view. It is wielding a +0 dagger.
Found 15 gold pieces.
The kobold shouts!
A kobold is nearby!
A kobold is nearby!
You reach to attack!
You hit the kobold. You burn the kobold.
You kill the kobold!
No target in view!
You now have 121 gold pieces (gained 15).
Things that are here:
a +0 dagger; a stone; a kobold corpse
Found a stone staircase leading down.
There is a stone staircase leading down here.
You now have 126 gold pieces (gained 5).
A water moccasin comes into view.
A water moccasin is nearby!
You aren't carrying any items that you can evoke.
Reach: g) +2 spear (flame)
Press: ? - help, Dir - move target, f - water moccasin
Aim: a water moccasin (about 46% to evade your +2 spear of flaming)
You reach to attack!
You closely miss the water moccasin.
Throw: 6 boomerangs (disperse)
Press: ? - help, Q - select action, (/) - cycle Shift-Dir - straight line, f/p - water moccasin
Aim: a water moccasin (44% to hit)
You throw a boomerang of dispersal.
The boomerang of dispersal hits the water moccasin.
The water moccasin blinks!
The water moccasin is lightly wounded.
Reach: g) +2 spear (flame)
Press: ? - help, Dir - move target, f/p - water moccasin
Aim: a water moccasin (lightly wounded, about 46% to evade your +2 spear of flaming)
You reach to attack!
You hit the water moccasin. You burn the water moccasin.
The water moccasin is moderately wounded.
Reach: g) +2 spear (flame)
Press: ? - help, Dir - move target, f/p - water moccasin
Aim: a water moccasin (moderately wounded, about 46% to evade your +2 spear of flaming)
You hit the water moccasin. You burn the water moccasin.
The water moccasin is moderately wounded.
The water moccasin barely misses you.
Reach: g) +2 spear (flame)
Press: ? - help, Dir - move target, f/p - water moccasin
Aim: a water moccasin (moderately wounded, about 46% to evade your +2 spear of flaming)
You closely miss the water moccasin.
The water moccasin is moderately wounded.
The water moccasin bites you but does no damage.
The water moccasin barely misses you.
Reach: g) +2 spear (flame)
Press: ? - help, Dir - move target, f/p - water moccasin
Aim: a water moccasin (moderately wounded, about 46% to evade your +2 spear of flaming)
You puncture the water moccasin! You burn the water moccasin.
Your punch misses the water moccasin.
The water moccasin is severely wounded.
The water moccasin closely misses you.
Reach: g) +2 spear (flame)
Press: ? - help, Dir - move target, f/p - water moccasin
Aim: a water moccasin (severely wounded, about 46% to evade your +2 spear of flaming)
You barely miss the water moccasin.
The water moccasin is severely wounded.
The water moccasin bites you!
Reach: g) +2 spear (flame)
Press: ? - help, Dir - move target, f/p - water moccasin
Aim: a water moccasin (severely wounded, about 46% to evade your +2 spear of flaming)
You closely miss the water moccasin.
The water moccasin is severely wounded.
The water moccasin barely misses you.
Reach: g) +2 spear (flame)
Press: ? - help, Dir - move target, f/p - water moccasin
Aim: a water moccasin (severely wounded, about 46% to evade your +2 spear of flaming)
You hit the water moccasin. You burn the water moccasin.
You kill the water moccasin!
Your Fighting skill increases to level 3!
Your Armour skill increases to level 2!
Your Shields skill gained 2 levels and is now at level 2!
You have reached level 5!
You have reached level 6!
You see here a water moccasin corpse.
There is a stone staircase leading down here.
Key pressed, stopping explore.
You now have 139 gold pieces (gained 13).
You open the door.
A gnoll and 2 hounds come into view.
The gnoll shouts!
The hound barks! x2
There are monsters nearby!
The hound attacks as you move away! The hound completely misses you.
The hound attacks as you move away! The hound bites you.
The hound bites you but does no damage. The hound attacks as you move away!
The hound bites you. The hound attacks as you move away! The hound misses you.
You completely miss the hound. The hound barely misses you.
The hound bites you.
You barely miss the hound. The hound bites you.
You hit the hound but do no damage. The hound bites you.
The hound bites you but does no damage.
You hit the hound but do no damage. The hound misses you.
You barely miss the hound. The hound bites you but does no damage.
You hit the hound. You burn the hound.
The hound is lightly wounded.
The hound barely misses you.
You hit the hound. You burn the hound.
The hound is heavily wounded.
The hound closely misses you. The hound bites you but does no damage.
You closely miss the hound.
The hound is heavily wounded.
The hound completely misses you.
You hit the hound but do no damage.
The hound is heavily wounded.
The hound closely misses you.
You hit the hound. You burn the hound.
The hound is almost dead.
The hound bites you but does no damage. The hound closely misses you.
You hit the hound but do no damage.
The hound is almost dead.
The hound bites you but does no damage.
You hit the hound. You burn the hound.
You kill the hound!
You barely miss the hound. The hound bites you.
You hit the hound. You burn the hound.
The hound is heavily wounded.
The hound bites you. The hound closely misses you.
You hit the hound but do no damage.
The hound is heavily wounded.
The hound bites you but does no damage.
You hit the hound. You burn the hound.
The hound is heavily wounded.
The hound bites you.
You hit the hound but do no damage.
The hound is heavily wounded.
The hound bites you.
You are too injured to fight recklessly!
You are too injured to fight recklessly!
You are too injured to fight recklessly!
You are too injured to fight recklessly!
You hit the hound. You burn the hound.
You kill the hound!
You hit the gnoll. You burn the gnoll.
The gnoll is moderately wounded.
The gnoll closely misses you.
You hit the gnoll. You burn the gnoll.
The gnoll is almost dead.
The gnoll barely misses you.
You closely miss the gnoll.
The gnoll is almost dead.
You hit the gnoll but do no damage.
The gnoll is almost dead.
The gnoll hits you but does no damage.
You closely miss the gnoll.
The gnoll is almost dead.
The gnoll hits you with a +0 flail.
You hit the gnoll. You burn the gnoll.
You kill the gnoll!
You see here a +0 flail.
Key pressed, stopping explore.
There is an open door here.
You open the door.
There is an open door here.
You now have 150 gold pieces (gained 11).
There is an open door here.
You open the door.
Done exploring.
Done exploring.
Done exploring.
Done exploring.
(D) Dungeon
Where to? (Enter - D:3, ? - help)
There is an open door here.
There is a stone staircase leading down here.
You climb downwards.
There is a stone staircase leading up here.
Unknown command.
An adder comes into view.
Found a scroll labelled IFILAPHOGEY.
An adder is nearby!
An adder is nearby!
The adder hisses angrily.
The adder closely misses you.
You miss the adder. The adder closely misses you.
You hit the adder. You burn the adder.
The adder is heavily wounded.
The adder barely misses you.
You hit the adder. You burn the adder.
The adder is almost dead.
The adder bites you but does no damage.
You hit the adder. You burn the adder.
You kill the adder!
No target in view!
No target in view!
You start putting on your armour.
You continue putting on your +0 kite shield. x4
You finish putting on your +0 kite shield.
You don't know any spells.
Okay, then.
v - 2 scrolls labelled IFILAPHOGEY (gained 1)
An adder comes into view.
An adder is nearby!
An adder is nearby!
An adder is nearby!
An adder is nearby!
An adder is nearby!
An adder is nearby!
The adder hisses angrily.
A hobgoblin comes into view.
You reach to attack!
The hobgoblin shouts!
You hit the adder. You burn the adder.
The adder is heavily wounded.
You closely miss the adder.
The adder is heavily wounded.
You block the adder's attack.
You miss the adder.
The adder is heavily wounded.
The adder barely misses you.
A kobold comes into view. It is wielding a +0 dagger.
The adder bites you.
You are poisoned.
The adder poisons you!
You closely miss the adder.
The adder is heavily wounded.
You feel sick. The adder closely misses you.
You barely miss the adder.
The adder is heavily wounded.
You feel sick. You block the adder's attack.
You hit the adder. You burn the adder.
The adder is severely wounded.
You feel sick. You block the adder's attack.
You hit the adder. You burn the adder.
You kill the adder!
You feel sick. The hobgoblin closely misses you.
You puncture the hobgoblin! You burn the hobgoblin.
You kill the hobgoblin!
You feel sick.
You are no longer poisoned.
You reach to attack!
You hit the kobold. You burn the kobold.
You kill the kobold!
No target in view!
No target in view!
HP restored.
You see here a hobgoblin corpse.
You now have 158 gold pieces (gained 8).
An iguana comes into view.
An iguana is nearby!
An iguana is nearby!
An iguana is nearby!
You reach to attack!
You barely miss the iguana.
The iguana hisses menacingly.
You hit the iguana. You burn the iguana.
The iguana is lightly wounded.
The iguana misses you.
You barely miss the iguana.
The iguana is lightly wounded.
You block the iguana's attack.
An iguana is nearby!
You hit the iguana. You burn the iguana.
The iguana is heavily wounded.
The iguana bites you.
You puncture the iguana! You burn the iguana.
The iguana is almost dead.
The iguana bites you but does no damage.
You barely miss the iguana.
The iguana is almost dead.
You block the iguana's attack.
You hit the iguana. You burn the iguana.
You kill the iguana!
Your Armour skill increases to level 3!
No target in view!
You now have 165 gold pieces (gained 7).
You see here an iguana corpse.
Found a stone staircase leading down.
A kobold comes into view. It is wielding a +0 club.
The kobold shouts!
A kobold is nearby!
The kobold throws a stone.
The stone hits you but does no damage.
You see here a sapphire potion.
You hit the kobold. You burn the kobold.
The kobold is severely wounded.
The kobold closely misses you.
You puncture the kobold! You burn the kobold.
You kill the kobold!
No target in view!
No target in view!
z - a sapphire potion You now have enough gold to buy a +2 pair of gloves on D:2.
You can access your shopping list by pressing '$'.
You now have 185 gold pieces (gained 20).
You sense a monster nearby.
You sense a monster nearby.
You sense a monster nearby.
You sense a monster nearby.
You sense a monster nearby.
You now have 196 gold pieces (gained 11).
You now have 209 gold pieces (gained 13).
Found a short sword.
An orc comes into view. It is wielding a +0 dagger.
An orc is nearby!
The orc shouts!
Found 12 gold pieces.
You hit the orc but do no damage. The orc barely misses you.
You hit the orc. You burn the orc.
The orc is heavily wounded.
The orc hits you but does no damage.
You puncture the orc! You burn the orc.
You kill the orc!
No target in view!
You now have 221 gold pieces (gained 12).
A hound comes into view.
The hound barks!
A hound is nearby!
You hit the hound. You burn the hound.
The hound is lightly wounded.
You block the hound's attack. The hound misses you.
An orc comes into view. It is wielding a +0 trident.
You closely miss the hound.
The hound is lightly wounded.
The orc shouts!
You hear a shout!
The hound bites you but does no damage.
You hit the hound. You burn the hound.
The hound is moderately wounded.
The hound closely misses you. The hound bites you but does no damage.
You barely miss the hound.
The hound is moderately wounded.
You block the hound's attack.
You hit the hound. You burn the hound.
The hound is severely wounded.
You block the hound's attack. The hound bites you.
You hit the hound. You burn the hound.
You kill the hound!
Your Shields skill increases to level 3!
You reach to attack!
You hit the orc but do no damage. The orc misses you.
You reach to attack!
You closely miss the orc.
The orc hits you from afar with a +0 trident.
You reach to attack!
You hit the orc but do no damage. You block the orc's attack.
You reach to attack!
You hit the orc. You burn the orc.
The orc is almost dead.
The orc hits you from afar with a +0 trident.
You reach to attack!
You barely miss the orc.
The orc is almost dead.
You block the orc's attack.
You reach to attack!
You hit the orc. You burn the orc.
You kill the orc!
No target in view!
An orc comes into view. It is wielding a +0 dagger.
An orc is nearby!
An orc is nearby!
An orc is nearby!
You reach to attack!
You hit the orc. You burn the orc.
The orc is almost dead.
You puncture the orc! You burn the orc.
You kill the orc!
No target in view!
No target in view!
An orc wizard comes into view. It is wielding a +0 dagger.
An orc wizard is nearby!
An orc wizard is nearby!
You start resting.
You sense a monster nearby.
You start resting.
HP restored.
A kobold comes into view. It is wielding a +0 whip.
The kobold shouts!
A kobold is nearby!
An orc comes into view. It is wielding a +0 trident.
You reach to attack!
You closely miss the kobold.
The orc shouts!
You closely miss the kobold. You block the kobold's attack.
You barely miss the kobold. You closely miss the kobold.
You block the kobold's attack.
You hit the kobold. You burn the kobold.
The kobold is severely wounded.
You block the kobold's attack.
You hit the kobold. You burn the kobold.
You kill the kobold!
The orc closely misses you.
You reach to attack!
You hit the orc. You burn the orc.
The orc is almost dead.
The orc hits you but does no damage. You block the orc's attack.
You reach to attack!
You puncture the orc! You burn the orc.
You kill the orc!
No target in view!
No target in view!
You see here a +0 whip.
The orc wizard shouts!
The orc wizard points at you and mumbles some strange words.
You resist with some effort.
An orc wizard is nearby!
An orc wizard is nearby!
An orc wizard is nearby!
You start waiting.
An orc wizard is nearby!
You start waiting.
An orc wizard is nearby!
A phantom comes into view.
The orc wizard points at you and mumbles some strange words.
You resist with some effort. The orc wizard casts a spell at you.
The magic dart hits you.
The orc wizard points at you and mumbles some strange words.
The magic dart hits you!
Things that are here:
a +0 dagger; 2 stones
There is a stone staircase leading up here.
You reach to attack!
You barely miss the phantom.
You reach to attack!
You barely miss the phantom. The phantom hits you.
You climb upwards.
There is a stone staircase leading down here.
You hit the phantom but do no damage. The phantom hits you.
The phantom closely misses you.
You hit the phantom. You burn the phantom.
The phantom is lightly damaged.
The phantom hits you but does no damage.
You hit the phantom. You burn the phantom.
The phantom is lightly damaged.
You block the phantom's attack.
You hit the phantom. You burn the phantom.
The phantom is moderately damaged.
You hit the phantom but do no damage.
The phantom is moderately damaged.
The phantom closely misses you.
You closely miss the phantom.
The phantom is moderately damaged.
The phantom hits you but does no damage.
You hit the phantom. You burn the phantom.
The phantom is heavily damaged.
The phantom hits you.
You closely miss the phantom.
The phantom is heavily damaged.
You block the phantom's attack.
You closely miss the phantom.
The phantom is heavily damaged.
The phantom closely misses you.
You closely miss the phantom.
The phantom is heavily damaged.
The phantom hits you.
You hit the phantom but do no damage.
The phantom is heavily damaged.
The phantom hits you but does no damage.
You hit the phantom. You burn the phantom.
The phantom is severely damaged.
The phantom hits you.
You hit the phantom. You burn the phantom.
The phantom is almost destroyed.
You block the phantom's attack.
You hit the phantom but do no damage.
The phantom is almost destroyed.
You block the phantom's attack.
You hit the phantom but do no damage.
The phantom is almost destroyed.
The phantom hits you but does no damage.
You hit the phantom. You burn the phantom.
The phantom is almost destroyed.
The phantom barely misses you.
You hit the phantom. You burn the phantom.
You destroy the phantom!
You have reached level 7!
You start resting.
HP restored.
Unknown command.
You climb downwards.
The orc wizard casts a spell at you.
You are confused.
The orc wizard points at you and mumbles some strange words.
The magic dart hits you.
There is a stone staircase leading up here.
You are too confused!
You are too confused!
You are too confused!
You are too confused!
You climb upwards.
There is a stone staircase leading down, spattered with blood here.
You start resting.
You feel less confused.
You start resting.
HP restored.
You climb downwards.
There is a stone staircase leading up here.
You reach to attack!
You hit the orc wizard. You burn the orc wizard.
The orc wizard is moderately wounded.
The orc wizard hits you but does no damage.
You hit the orc wizard. You burn the orc wizard.
The orc wizard is severely wounded.
The orc wizard mumbles some strange words.
The orc wizard flickers and vanishes for a moment.
You barely miss the orc wizard.
The orc wizard is severely wounded.
You closely miss the orc wizard.
The orc wizard is severely wounded.
The orc wizard barely misses you.
You hit the orc wizard. You burn the orc wizard.
You kill the orc wizard!
Your Fighting skill increases to level 4!
Your Polearms skill increases to level 5!
No target in view!
No target in view!
You now have 222 gold pieces (gained 1).
Things that are here:
a +0 dagger; a +0 robe; an orc corpse
Found a stone staircase leading up.
Found a stone staircase leading up.
You now have 223 gold pieces (gained 1).
Found an opulent altar of Gozag.
You now have 224 gold pieces (gained 1).
You now have 225 gold pieces (gained 1).
You now have 226 gold pieces (gained 1).
You now have 227 gold pieces (gained 1).
You now have 228 gold pieces (gained 1).
There is a stone staircase leading up here.
x - 2 scrolls labelled LOTRYIC XOFYH (gained 1)
You pick up a book of Dreams and begin reading...
You add the spells Ensorcelled Hibernation, Spider Form and Anguish to your library.
An adder comes into view.
The adder hisses angrily.
An adder is nearby!
An adder is nearby!
You barely miss the adder. You block the adder's attack.
You hit the adder. You burn the adder.
The adder is severely wounded.
The adder bites you.
You hit the adder. You burn the adder.
The adder is almost dead.
The adder closely misses you. You block the adder's attack.
You hit the adder. You burn the adder.
You kill the adder!
No target in view!
No target in view!
No target in view!
No target in view!
No target in view!
No target in view!
HP restored.
Found 3 large rocks.
Found a stone staircase leading down.
An orc comes into view. It is wielding a +0 spear.
An orc is nearby!
An orc comes into view. It is wielding a +0 flail.
The orc shouts!
An orc comes into view. It is wielding a +1 flail of draining.
An orc priest comes into view. It is wielding a +2 mace of holy wrath.
The orc priest shouts!
The orc throws a boomerang.
The boomerang hits you but does no damage.
An orc comes into view. It is wielding a +0 falchion.
The orc priest calls down the wrath of Beogh upon you.
Beogh smites you!
The orc drinks a potion.
The orc suddenly seems more resistant.
The orc throws a boomerang.
The boomerang barely misses you. The orc attacks as you move away!
The orc barely misses you.
Are you sure you want to shaft yourself?
You block the orc's attack.
You begin to dig a shaft.
You continue digging a shaft.
You block the orc's attack. A shaft appears beneath you!
You fall into a shaft and drop 3 floors!
The shaft crumbles and collapses.
Found a glowing copper wand.
Unknown command.
Unknown command.
Unknown command.
You start resting.
HP restored.
An orc comes into view. It is wielding a +0 hand axe.
The orc shouts!
You hear a shout!
An orc comes into view. It is wielding a +0 club.
The orc moves out of view.
An orc comes into view. It is wielding a +0 whip.
The orc moves out of view.
A black bear comes into view.
The black bear growls angrily.
The black bear moves out of view.
You see here a wand of roots (12).
y - a wand of roots (12)
You hit the black bear. You burn the black bear.
The black bear is lightly wounded.
The black bear bites you! You block the black bear's attack.
The black bear misses you.
You hit the black bear. You burn the black bear.
The black bear is moderately wounded.
You hit the black bear. You burn the black bear.
The black bear is heavily wounded.
The black bear misses you. You block the black bear's attack. x2
You barely miss the black bear.
The black bear is heavily wounded.
The black bear bites you. You block the black bear's attack.
The black bear claws you but does no damage.
You hit the black bear. You burn the black bear.
The black bear is almost dead.
The black bear goes berserk!
You puncture the black bear! You burn the black bear.
You kill the black bear!
You reach to attack!
You hit the orc. You burn the orc.
You kill the orc!
No target in view!
No target in view!
You start resting.
You sense a monster nearby.
You start resting.
A sky beast comes into view.
You start resting.
HP restored.
Found a shadowy altar of Dithmenos.
Found a scroll labelled JAUDOKHADD.
The sky beast flickers out of sight for a moment.
You reach to attack!
You hit the sky beast. You burn the sky beast.
The sky beast is moderately wounded.
You hit the sky beast. You burn the sky beast.
The sky beast is heavily wounded.
You block the sky beast's attack.
You closely miss the sky beast.
The sky beast is heavily wounded.
The sky beast hits you. The sky beast shocks you.
You puncture the sky beast! You burn the sky beast.
The sky beast is almost dead.
The sky beast barely misses you.
You barely miss the sky beast.
The sky beast is almost dead.
You block the sky beast's attack.
The sky beast hits you but does no damage.
You closely miss the sky beast.
The sky beast is almost dead.
The sky beast hits you but does no damage.
You hit the sky beast. You burn the sky beast.
You kill the sky beast!
Your Shields skill increases to level 4!
No target in view!
You see here a sky beast corpse.
w - 2 scrolls labelled JAUDOKHADD (gained 1) Duvessa, Sister of Dowan comes into view.
She is wielding a +0 short sword and wearing a +1 scale mail of cold resistance.
Duvessa shouts!
The orc shouts!
You hear a shout!
An orc comes into view. It is wielding a +0 club.
Okay, then.
Okay, then.
It was a potion of flight.
You feel very buoyant.
You fly up into the air.
It was a potion of attraction.
You feel attractive to monsters. The orc is attracted toward you.
It was a potion of heal wounds.
You feel much better. The orc barely misses you.
It was a potion of brilliance.
You feel clever all of a sudden. You block the orc's attack.
Duvessa is attracted toward you.
It was a potion of degeneration.
There was something very wrong with that liquid.
You feel weakened.
You feel dopey.
You feel clumsy. You block the orc's attack. The orc is attracted toward you.
It was a potion of might.
You feel very mighty all of a sudden.
The orc shouts!
You hear a shout!
You block the orc's attack.
Duvessa says, "My weaknesses are his strengths!"
You block Duvessa's attack. The orc is attracted toward you.
You puncture Duvessa! You burn Duvessa.
Duvessa is moderately wounded.
The orc hits you with a +0 whip. Duvessa hits you but does no damage.
The orc is attracted toward you. x2
You puncture Duvessa! You burn Duvessa.
Duvessa is heavily wounded.
You block the orc's attack.
An orc comes into view. It is wielding a +0 war axe.
You block Duvessa's attack. The orc is attracted toward you.
You hit Duvessa. You burn Duvessa.
Duvessa is severely wounded.
Duvessa says, "When magic and the sword combine, nothing stands against them."
You block Duvessa's attack.
Dowan, Brother of Duvessa comes into view.
He is wielding a +1 dagger of speed.
The orc barely misses you. You block the orc's attack. x2
Dowan is attracted toward you.
You puncture Duvessa! You burn Duvessa.
You kill Duvessa!
Dowan screams, "No!
No!"
Dowan seems to find hidden reserves of power!
The orc hits you with a +0 club. The orc closely misses you.
The orc barely misses you. Dowan closely misses you.
Your Armour skill increases to level 4!
You have reached level 8!
You feel stronger.
You closely miss Dowan.
Dowan casts a spell.
Dowan blinks!
The orc closely misses you. The orc hits you but does no damage.
You block the orc's attack.
Dowan casts a spell.
Dowan blinks!
You puncture the orc! You burn the orc.
You kill the orc!
You block the orc's attack. x2; The orc hits you but does no damage.
You puncture the orc! You burn the orc.
You kill the orc!
You block the orc's attack. The orc hits you with a +0 war axe.
You closely miss the orc. The orc hits you but does no damage.
The orc completely misses you. Dowan is attracted toward you.
You puncture the orc! You burn the orc.
You kill the orc!
Dowan shakes with grief.
Dowan gestures at you while chanting. The stone arrow hits you!
The orc hits you with a +0 club. Dowan is attracted toward you.
Throw: 5 boomerangs (disperse)
Press: ? - help, Q - select action, (/) - cycle Shift-Dir - straight line, f - Dowan
Aim: Dowan, wielding a +1 dagger of speed and wearing a +0 robe (fast, 51% to hit)
You throw a boomerang of dispersal.
The boomerang of dispersal barely misses Dowan.
Dowan hits you with a +1 dagger of speed.
Dowan breathes, "And she was my only..."
You block Dowan's attack. The orc hits you but does no damage.
You block Dowan's attack.
You barely miss Dowan. Dowan misses you. You block the orc's attack.
You block Dowan's attack.
You puncture Dowan! You burn Dowan.
Dowan is heavily wounded.
Dowan hits you but does no damage. The orc hits you with a +0 club.
Dowan hits you but does no damage.
You closely miss Dowan.
Dowan is heavily wounded.
You block Dowan's attack. The orc hits you but does no damage.
You block Dowan's attack.
You miss Dowan.
Dowan is heavily wounded.
Dowan hits you with a +1 dagger of speed.
Dowan barely misses you. The orc hits you but does no damage.
Dowan casts a spell at you. The stone arrow hits you!
* * * LOW HITPOINT WARNING * * *
You hit Dowan. You burn Dowan.
Dowan is heavily wounded.
You block the orc's attack. Dowan hits you but does no damage.
Dowan hits you with a +1 dagger of speed.
* * * LOW HITPOINT WARNING * * *
You hit Dowan. You burn Dowan.
Dowan is almost dead.
Dowan hits you with a +1 dagger of speed.
* * * LOW HITPOINT WARNING * * *
You block the orc's attack. You block Dowan's attack.
You puncture Dowan! You burn Dowan.
You kill Dowan!
The orc barely misses you.
You feel less attractive to monsters.
You feel your strength returning.
You puncture the orc! You burn the orc.
You kill the orc!
You are starting to lose your buoyancy.
Press: ? - help, v - describe, . - travel, g - get item
Items here: a +0 short sword; a +1 scale mail of cold resistance.
The floor, spattered with blood.
Prince Ribbit comes into view.
Prince Ribbit blinks!
Prince Ribbit moves out of view.
Things that are here:
a +0 short sword; a +1 scale mail of cold resistance
a - a +1 scale mail of cold resistance You float gracefully downwards.
Prince Ribbit croaks regally.
Prince Ribbit blinks!
Reach: g) +2 spear (flame)
Press: ? - help, Dir - move target, f - Prince Ribbit
Aim: Prince Ribbit (about 49% to evade your +2 spear of flaming)
You reach to attack!
You puncture Prince Ribbit! You burn Prince Ribbit.
Prince Ribbit is moderately wounded.
Prince Ribbit blinks!
Unknown command.
Reach: g) +2 spear (flame)
Press: ? - help, Dir - move target, f/p - Prince Ribbit
Aim: Prince Ribbit (moderately wounded, about 49% to evade your +2 spear of flaming)
You reach to attack!
You barely miss Prince Ribbit.
Prince Ribbit is moderately wounded.
Reach: g) +2 spear (flame)
Press: ? - help, Dir - move target, f/p - Prince Ribbit
Aim: Prince Ribbit (moderately wounded, about 49% to evade your +2 spear of flaming)
You puncture Prince Ribbit! You burn Prince Ribbit.
Prince Ribbit is severely wounded.
Prince Ribbit hits you!
* * * LOW HITPOINT WARNING * * *
You block Prince Ribbit's attack.
Reach: g) +2 spear (flame)
Press: ? - help, Dir - move target, f/p - Prince Ribbit
Aim: Prince Ribbit (severely wounded, about 49% to evade your +2 spear of flaming)
You barely miss Prince Ribbit.
Prince Ribbit is severely wounded.
Prince Ribbit closely misses you.
Reach: g) +2 spear (flame)
Press: ? - help, Dir - move target, f/p - Prince Ribbit
Aim: Prince Ribbit (severely wounded, about 49% to evade your +2 spear of flaming)
You puncture Prince Ribbit! You burn Prince Ribbit.
Prince Ribbit is almost dead.
Prince Ribbit hits you!
* * * LOW HITPOINT WARNING * * *
Reach: g) +2 spear (flame)
Press: ? - help, Dir - move target, f/p - Prince Ribbit
Aim: Prince Ribbit (almost dead, about 49% to evade your +2 spear of flaming)
You completely miss Prince Ribbit.
Prince Ribbit is almost dead.
You block Prince Ribbit's attack. Prince Ribbit hits you!!
You die...

o........##..##..........#....#
o.......##...##...............
........##..##)).............
.........#...).)........._.#.{
.....#.........).......#...#
.....{......#........###...#
#{.....#........# #.#.#
#...............# #.#.#
.......##)....F@...## #.#.#
....#.###.†#.......####.#.#
..#.##. ##.#.......†.##...# #
## ## #.......##.......#
#.....####.....P.#
#####..#.......P.#
##.......#.P.# ##..###.#.P.#
##.# #.#...#


You could see Prince Ribbit.

Vanquished Creatures
  Duvessa (D:7)
  A water moccasin (D:3)
  A sky beast (D:7)
  A black bear (D:7)
  A phantom (D:3)
  Dowan (D:7)
  3 hounds
  An iguana (D:4)
  An orc wizard (D:4)
  A gnoll (D:3)
  7 adders
  10 orcs
  3 ball pythons (D:1)
  7 endoplasms
  4 giant cockroaches
  5 goblins
  6 hobgoblins
  8 kobolds
  A quokka (D:2)
  6 bats
  4 frilled lizards
  4 rats
77 creatures vanquished.

Notes
Turn   | Place    | Note
-------+----------+-------------------------------------------
     0 | D:1      | Leon the Formicid Warper began the quest for the Orb.
     0 | D:1      | Reached XP level 1. HP: 16/16 MP: 3/3
   206 | D:1      | HP: 7/16 [kobold/+0 short sword (3)]
   211 | D:1      | HP: 3/16 [kobold/+0 whip (4)]
   215 | D:1      | Reached XP level 2. HP: 3/22 MP: 5/5
   787 | D:1      | Reached skill level 3 in Polearms
  1075 | D:1      | Reached XP level 3. HP: 27/27 MP: 6/6
  1271 | D:1      | Found a faded altar of an unknown god.
  1617 | D:2      | Found Danio's Armour Boutique.
  1654 | D:2      | Reached XP level 4. HP: 33/33 MP: 7/7
  1740 | D:2      | Reached skill level 4 in Polearms
  1752 | D:2      | Identified the +4 robe of Ujer Wurch {MP+9 Int+3 SInv}
  2647 | D:3      | Noticed a water moccasin
  2664 | D:3      | Killed a water moccasin
  2665 | D:3      | Reached skill level 3 in Fighting
  2665 | D:3      | Reached skill level 2 in Armour
  2665 | D:3      | Reached skill level 2 in Shields
  2665 | D:3      | Reached XP level 5. HP: 31/41 MP: 8/8
  2665 | D:3      | Reached XP level 6. HP: 36/47 MP: 9/9
  3186 | D:4      | Reached skill level 3 in Armour
  3527 | D:4      | Reached skill level 3 in Shields
  3746 | D:3      | Reached XP level 7. HP: 40/53 MP: 10/10
  3846 | D:4      | Reached skill level 4 in Fighting
  3846 | D:4      | Reached skill level 5 in Polearms
  3878 | D:4      | Found an opulent altar of Gozag.
  3989 | D:4      | You fall into a shaft and drop 3 floors!
  4118 | D:7      | Found a shadowy altar of Dithmenos.
  4144 | D:7      | Reached skill level 4 in Shields
  4163 | D:7      | Noticed Duvessa
  4177 | D:7      | Noticed Dowan
  4178 | D:7      | Killed Duvessa
  4179 | D:7      | Reached skill level 4 in Armour
  4179 | D:7      | Reached XP level 8. HP: 59/61 MP: 11/11
  4188 | D:7      | HP: 27/61 [Dowan/stone arrow (7)]
  4191 | D:7      | Killed Dowan
  4193 | D:7      | Noticed Prince Ribbit
  4210 | D:7      | HP: 20/61 [Prince Ribbit (7)]
  4213 | D:7      | Slain by Prince Ribbit

Illustrated notes

Levels and vault maps discovered:
D:1:      minmay_arrival_four_circles, layout_basic,
          nicolae_ecumenical_lake_church
D:2:      layout_loops_ring, serial_shops, nicolae_shop_window_shopping,
          hangedman_decor_slide_cut
D:3:      layout_loops_cross, cheibrodos_gnoll_hut
D:4:      layout_layer_cave, grunt_gozag_breadcrumbs, minivault_4,
          roderic_batcave, nicolae_figureground_pulse
D:7:      layout_cave_pools, mainiacjoe_overflow_boulevard,
          minmay_overflow_temple_star_quad, serial_shops, nicolae_stop_n_shop_1,
          kennysheep_little_box, nicolae_shop_statue_plus, shop,
          kennysheep_mini, uniq_menkaure, uniq_duvessa, uniq_prince_ribbit1

Skill      XL: |  1  2  3  4  5  6  7 |
---------------+----------------------+-----
Polearms       | 3 4 5 |  5.5
Fighting       | 3 4 |  4.7
Armour         | 2 3 4 |  4.2
Shields        | 2 3 4 |  4.6
Throwing       | |  1.0
Dodging        | |  1.7
Spellcasting   | |  2.1
Translocations | |  2.6

Action                   |  1- 3 |  4- 6 |  7- 9 || total
-------------------------+-------+-------+-------++-------
Melee: Spear             |    92 |   140 |    46 ||   278
Throw: Boomerang         |     1 |     1 |     1 ||     3
 Abil: Shaft Self        |       |       |     1 ||     1
  Use: Potion            |       |       |     6 ||     6
Armor: Leather armour    |     3 |       |       ||     3
       Ring mail         |    14 |    30 |    15 ||    59
Dodge: Dodged            |    28 |    45 |    18 ||    91
Block: Kite shield       |       |    18 |    34 ||    52
